 Dungeon Crawl Stone Soup version 0.31.0-4-g52a2dc7128 (webtiles) character file.

Game seed: 12336665204593230658

90 EnegeticOcto the Ruffian (level 4, -1/44 HPs)
             Began as a Troll Delver on Jan 23, 2024.
             Was an Initiate of Okawaru.
             Succumbed to a water moccasin's poison
             ... on level 6 of the Dungeon.
             The game lasted 00:01:27 (135 turns).

EnegeticOcto the Ruffian (Troll Delver)              Turns: 135, Time: 00:01:28

Health: -1/44      AC:  4    Str: 22    XL:     4   Next: 32%
Magic:  3/3        EV:  9    Int:  6    God:    Okawaru [......]
Gold:   0          SH:  0    Dex: 11    Spells: 3/3 levels left

rFire   . .          .
                       - Unarmed
rCold   . . .        (no shield)
rNeg    . . .        a - +0 robe
rPois   .            (helmet restricted)
rElec   .            (no cloak)
rCorr   .            (gloves unavailable)
SInv    .            (boots unavailable)
Will    .....        (no amulet)
Stlth   ++           (no ring)
HPRegen 1.07/turn    (no ring)
MPRegen 0.08/turn

%: no passive effects
@: lethally poisoned (-1 -> -3)
A: large, unfitting armour, claws 3, regeneration 1, shaggy fur 1, tough skin 1
a: Renounce Religion


You were on level 6 of the Dungeon.
You worshipped Okawaru.
Okawaru was noncommittal.
You visited 2 branches of the dungeon, and saw 4 of its levels.

Inventory:

Armour
 a - a +0 robe (worn)
Wands
 f - a wand of digging (3) {@v3}
Scrolls
 b - a scroll of fog {!r}
 d - a scroll of fear {!r}
Potions
 e - a potion of haste {@q4 !q}


   Skills:
 - Level 2.4 Fighting
 - Level 1.5 Dodging
 - Level 2.7 Stealth
 + Level 4.4 Unarmed Combat
 + Level 0.8 Invocations


You had 3 spell levels left.
You didn't know any spells.
Your spell library was empty.

Dungeon Overview and Level Annotations

Branches:
Dungeon (6/15) Zot: 17888  Temple (1/1) D:4 Zot: 5977

Altars:
Ashenzari
Cheibriados
Dithmenos
Elyvilon
Fedhas
Gozag
Nemelex Xobeh
Okawaru
Qazlal
Ru
Sif Muna
Trog
Vehumet
Wu Jian
Yredelemnul
The Shining One


Innate Abilities, Weirdness & Mutations

You are too large for most types of armour.
You have claws for hands.
Your natural rate of healing is unusually fast.
You are covered in fur. (AC +1)
You have tough skin. (AC +1)


Message History

Your Unarmed Combat skill increases to level 4!
You open the door.
Found a staircase to the Ecumenical Temple.
Found a stone staircase leading down.
There is an open door here.
There is a staircase to the Ecumenical Temple here.
You climb downwards.
Welcome to the Ecumenical Temple!
Found three altars.
Found a staircase back to the Dungeon.
There is a staircase back to the Dungeon here.
Found three altars.
Found three altars.
There is a sparkling altar of Nemelex Xobeh here.
Found three altars.
There is an iron altar of Okawaru here.
You kneel at the altar of Okawaru.
Okawaru welcomes you!
There is a staircase back to the Dungeon here.
You climb upwards.
The orc closely misses you. The orc hits you but does no damage.
There is a staircase to the Ecumenical Temple here.
You closely miss the orc. The orc closely misses you.
You closely miss the orc. The orc hits you but does no damage.
You claw the orc!
You kill the orc!
Okawaru accepts your kill.
Things that are here:
a +0 falchion; an orc corpse
There is an open door here.
Found a stone staircase leading up.
There is a stone staircase leading down here.
You climb downwards.
There is a stone staircase leading up here.
There is a stone staircase leading down here.
You climb downwards.
The iguana hisses angrily.
You hear an angry hiss.
Found an encrusted cloak.
Found an escape hatch in the ceiling.
There is a stone staircase leading up here.
Found a battleaxe.
A water moccasin comes into view.
There is a stone staircase leading up here.
The water moccasin hisses angrily.
The iguana misses you.
You climb upwards.
There is a stone staircase leading down here.
You closely miss the iguana. The iguana bites you!
You barely miss the iguana. The iguana barely misses you.
You claw the iguana!
You kill the iguana!
Okawaru accepts your kill.
You have reached level 4!
There is a stone staircase leading down here.
You climb downwards.
The water moccasin bites you.
You are poisoned.
The water moccasin poisons you!
The water moccasin bites you but does no damage.
There is a stone staircase leading up here.
You closely miss the water moccasin.
You feel very sick. The water moccasin bites you.
The water moccasin barely misses you.
You barely miss the water moccasin.
You feel sick. The water moccasin bites you.
You are too injured to fight recklessly!
You are too injured to fight recklessly!
You scratch the water moccasin.
The water moccasin is lightly wounded.
You feel sick. The water moccasin closely misses you.
You miss the water moccasin.
The water moccasin is lightly wounded.
You feel sick.
The water moccasin bites you but does no damage.
You closely miss the water moccasin.
The water moccasin is lightly wounded.
You feel sick. The water moccasin barely misses you.
The water moccasin bites you but does no damage.
You closely miss the water moccasin.
The water moccasin is lightly wounded.
You feel sick. The water moccasin bites you.
You are more poisoned.
The water moccasin poisons you!
You claw the water moccasin!
The water moccasin is heavily wounded.
You feel very sick.
The water moccasin bites you but does no damage.
You miss the water moccasin.
The water moccasin is heavily wounded.
You feel very sick. The water moccasin closely misses you.
The water moccasin bites you.
* * * LOW HITPOINT WARNING * * *
You barely miss the water moccasin.
The water moccasin is heavily wounded.
You feel very sick. The water moccasin closely misses you.
You claw the water moccasin!
The water moccasin is almost dead.
You feel sick. The water moccasin bites you.
* * * LOW HITPOINT WARNING * * *
Okay, then.
You closely miss the water moccasin.
The water moccasin is almost dead.
You die...

#..... .
#....# .)
#...[# ...
#....# ....
#....##.....
#...........
#.<..#
#....#
#...@#
#...S#
######


You could see a water moccasin.

Vanquished Creatures
  An orc priest (D:4)
  An iguana (D:5)
  An orc wizard (D:4)
  6 orcs (D:4)
9 creatures vanquished.

Notes
Turn   | Place    | Note
-------+----------+-------------------------------------------
     0 | D:5      | EnegeticOcto the Troll Delver began the quest for the Orb.
     0 | D:5      | Reached XP level 1. HP: 22/22 MP: 0/0
    26 | D:4      | Noticed an orc wizard
    27 | D:4      | Noticed an orc priest
    37 | D:4      | Killed an orc priest
    38 | D:4      | Reached skill level 3 in Unarmed Combat
    38 | D:4      | Reached XP level 2. HP: 20/29 MP: 1/1
    38 | D:4      | Reached XP level 3. HP: 25/36 MP: 2/2
    45 | D:4      | Reached skill level 4 in Unarmed Combat
    45 | D:4      | Found a staircase to the Ecumenical Temple.
    51 | Temple   | Entered the Ecumenical Temple
    62 | Temple   | Became a worshipper of Warmaster Okawaru
   107 | D:6      | Noticed a water moccasin
   117 | D:5      | Reached XP level 4. HP: 35/44 MP: 3/3
   134 | D:6      | HP: 1/44 [water moccasin (6)]
   135 | D:6      | Succumbed to a water moccasin's poison

Illustrated notes

Levels and vault maps discovered:
D:4:      layout_basic, minitemple, minmay_temple_entry_enclosed_plants
D:5:      gammafunk_steamed_eel, layout_loops_ring, nicolae_elevator_lobby_plus
D:6:      layout_gridville, nicolae_stop_n_shop_1, uniq_blork_the_orc
Temple:   lightli_temple_of_artemis

Skill      XL: |  1  2  3 |
---------------+----------+-----
Unarmed Combat | 3 4 |  4.4
Fighting       | |  2.4
Dodging        | |  1.5
Stealth        | |  2.7
Invocations    | |  0.8

Action                     |  1- 3 |  4- 6 || total
---------------------------+-------+-------++-------
  Melee: Unarmed           |    17 |    11 ||    28
         Punch             |     1 |       ||     1
    Use: Scroll            |     1 |       ||     1
 Armour: Robe              |    17 |    10 ||    27
  Dodge: Dodged            |     6 |     5 ||    11

Table legend:
 A = Kills in this place as a percentage of kills in the entire game.
 B = Kills by you in this place as a percentage of kills by you in the entire game.
 C = Kills by friends in this place as a percentage of kills by friends in the entire game.
 D = Other kills in this place as a percentage of other kills in the entire game.
 E = Experience gained in this place as a percentage of experience gained in the entire game.
 F = Experience gained in this place divided by the number of levels of this place that you have seen.
                   A       B       C       D       E      F
               +-------+-------+-------+-------+-------+----------------------
         Total | 100.0 | 100.0 |   N/A |   N/A | 100.0 |  32.2
       Dungeon | 100.0 | 100.0 |   N/A |   N/A | 100.0 |  43.0
               +-------+-------+-------+-------+-------+----------------------
